 Dungeon Crawl Stone Soup version 0.22-a0-374-g5dfd9e3 (webtiles) character file.

16 4thArraOfDagon the Magician (level 2, 0/19 HPs)
             Began as a Mummy Ice Elementalist on Apr 26, 2018.
             Slain by a leopard gecko (2 damage)
             ... on level 2 of the Dungeon.
             The game lasted 00:01:17 (265 turns).

4thArraOfDagon the Magician (Mummy Ice Elementalist) Turns: 265, Time: 00:01:18

Health: 0/19       AC:  2    Str: 11    XL:     2   Next: 37%
Magic:  6/6        EV: 12    Int: 14    God:
Gold:   41         SH:  0    Dex: 12    Spells: 6/7 levels left

rFire    x . .     SeeInvis .   b - -2 mace (curse)
rCold    + . .     Gourm    .   (no shield)
rNeg     + + +     Faith    .   a - +0 robe
rPois    ∞         Spirit   .   (no helmet)
rElec    .         Reflect  .   (no cloak)
rCorr    .         Harm     .   (no gloves)
MR       .....                  (no boots)
Stlth    ++........             (no amulet)
HPRegen  0.06/turn              (no ring)
MPRegen  0.10/turn              (no ring)

@: no status effects
A: no food or potions, fire vulnerability, cold resistance 1, negative energy
resistance 3, torment resistance, unbreathing
a: no special abilities


You were on level 2 of the Dungeon.
You were not hungry.

You visited 1 branch of the dungeon, and saw 2 of its levels.

You collected 41 gold pieces.

Inventory:

Hand Weapons
 b - a cursed -2 mace (weapon)
Armour
 a - a +0 robe (worn)
Scrolls
 c - a scroll of fear {unknown}
 d - a scroll of identify {unknown}


   Skills:
 - Level 1.5 Dodging
 - Level 1.5 Stealth
 + Level 3.1 Spellcasting
   Level 0.7 Conjurations
 * Level 2.9 Ice Magic


You had 6 spell levels left.
You knew the following spells:

 Your Spells              Type           Power        Failure   Level  Hunger
a - Freeze                Ice            ##..         6%          1    N/A

Dungeon Overview and Level Annotations

Branches:
Dungeon (2/15)

Altars:

Annotations:
D:2 Natasha


Innate Abilities, Weirdness & Mutations

You do not eat or drink.
Your flesh is vulnerable to fire.
You are immune to poison.
Your flesh is cold resistant. (rC+)
You are immune to negative energy. (rN+++)
You are immune to unholy pain and torment.
You can survive without breathing.


Message History

Natasha mumbles some strange words.
Natasha shimmers violently.
Unknown command.
Natasha mewls in sadness.
Unknown command.
Unknown command.
Unknown command.
Unknown command.
A leopard gecko comes into view.
The hobgoblin barely misses you.
Unknown command.
The leopard gecko hisses angrily.
The hobgoblin hits you with a club.
* * * LOW HITPOINT WARNING * * *
Unknown command.
Unknown command.
The leopard gecko hisses menacingly.
Unknown command.
The leopard gecko bites you.
You die...

###### ######rsbh##
####....rg##..# ####
#....l@##g.##.# ...
#.....##!.K(#.#####.###
+.....#..(..5.K........
#........$...#........#
#......#!...##........#
#......##..##.........#
#..... ##$...#(.......
...... ....####....%...
..# #####...#


You could see Natasha, a leopard gecko, a giant cockroach, a hobgoblin, a bat
and 2 rats.

Vanquished Creatures
  A dart slug (D:1)
  A leopard gecko (D:1)
  A ball python (D:1)
  A giant cockroach (D:1)
  3 goblins (D:1)
  A kobold (D:1)
  2 bats (D:2)
  2 rats
12 creatures vanquished.

Notes
Turn   | Place    | Note
-------+----------+-------------------------------------------
     0 | D:1      | 4thArraOfDagon the Mummy Ice Elementalist began the quest for the Orb.
     0 | D:1      | Reached XP level 1. HP: 13/13 MP: 4/4
   125 | D:1      | Reached skill level 3 in Spellcasting
   125 | D:1      | Reached XP level 2. HP: 8/19 MP: 0/6
   253 | D:2      | Noticed Natasha
   265 | D:2      | Slain by a leopard gecko

Vault maps used:
D:1:      dpeg_arrival_simpleton_c, st_stairs_7
D:2:      minmay_pentomino_w4, uniq_natasha

Skill      XL: |  1 |
---------------+----+-----
Spellcasting   | 3 |  3.1
Dodging        | |  1.5
Stealth        | |  1.5
Conjurations   | |  0.7
Ice Magic      | |  2.9

Action                   || total
-------------------------++-------
Melee: Mace              ||     8
 Cast: Freeze            ||    18
Armor: Robe              ||     6
Dodge: Dodged            ||    24

Table legend:
 A = Spawn XP
 B = Non-spawn XP
 C = Spawn XP percentage of total XP
 D = Spawn monster count
 E = Non-spawn monster count
 F = Spawn count percentage of total count
 G = Total turns spent on level
                    A         B        C        D         E        F      G
               +---------+---------+-------+---------+---------+-------+---------
         Total |       0 |      23 |   0.0 |       0 |      12 |   0.0 |   265
               +---------+---------+-------+---------+---------+-------+---------
           D:1 |       0 |      19 |   0.0 |       0 |       9 |   0.0 |   181
           D:2 |       0 |       4 |   0.0 |       0 |       3 |   0.0 |    84
               +---------+---------+-------+---------+---------+-------+---------
